 Dungeon Crawl Stone Soup version 0.31-a0-1074-g0b22e4e0f1 (webtiles) character file.

Game seed: 2470063784681980338

2 bmb222 the Ducker (level 1, 0/16 HPs)
             Began as a Demonspawn Gladiator on Dec 4, 2023.
             Slain by a hobgoblin (2 damage)
             ... on level 2 of the Dungeon.
             The game lasted 00:00:16 (134 turns).

bmb222 the Ducker (Demonspawn Gladiator)             Turns: 134, Time: 00:00:17

Health: 0/16       AC:  4    Str: 14    XL:     1   Next: 25%
Magic:  1/1        EV: 12    Int:  9    God:
Gold:   0          SH:  0    Dex: 14    Spells: 0/0 levels left

rFire   . . .        a - +0 rapier
rCold   . . .        (no shield)
rNeg    . . .        b - +0 leather armour
rPois   .            c - +0 helmet
rElec   .            (no cloak)
rCorr   .            (no gloves)
SInv    .            (no boots)
Will    .....        (no amulet)
Stlth   +            (no ring)
HPRegen 0.22/turn    (no ring)
MPRegen 0.07/turn

%: no passive effects
@: no status effects
A: no striking features
a: no special abilities


You were on level 2 of the Dungeon.
You visited 1 branch of the dungeon, and saw 2 of its levels.

Inventory:

Hand Weapons
 a - a +0 rapier (weapon)
Missiles
 d - 3 throwing nets (quivered)
 e - a javelin
Armour
 b - a +0 leather armour (worn)
 c - a +0 helmet (worn)
Scrolls
 f - a scroll of fog {unknown}
 g - a scroll of amnesia {unknown}


   Skills:
 + Level 2.0 Fighting
 + Level 2.6 Short Blades
 + Level 1.7 Throwing
 + Level 2.8 Dodging


You couldn't memorise any spells.
You didn't know any spells.
Your spell library was empty.

Dungeon Overview and Level Annotations

Branches:
Dungeon (1/15)

Altars:

Annotations:
D:2 Jessica


Message History

Jessica is heavily wounded.
Jessica barely misses you. The rat bites you but does no damage.
You closely miss Jessica.
Jessica is heavily wounded.
The rat bites you but does no damage. Jessica barely misses you.
You hit Jessica.
Jessica is severely wounded.
Jessica gestures at you while chanting. Pain shoots through your body!
The rat misses you. Jessica closely misses you. The rat completely misses you.
You hit Jessica.
Jessica is severely wounded.
Jessica closely misses you.
The rat twitches its whiskers.
The rat closely misses you.
You hit Jessica but do no damage.
Jessica is severely wounded.
The hobgoblin barely misses you. Jessica gestures at you while chanting.
You resist with significant effort. The rat closely misses you.
You hit Jessica but do no damage.
Jessica is severely wounded.
The hobgoblin hits you.
* * * LOW HITPOINT WARNING * * *
Jessica hits you with a +0 club.
* * * LOW HITPOINT WARNING * * *
The rat completely misses you.
You aren't carrying any potions.
You aren't carrying any items that you can evoke.
What are your orders? t - Shout!
Orders for allies: a - Attack new target. r - Retreat! s - Stop attacking. g - Guard the area. f - Follow me.
Anything else - Cancel.
Okay, then.
You completely miss Jessica.
Jessica is severely wounded.
Jessica misses you. The rat misses you. The hobgoblin hits you.
You die...

###############
..............#
..###########.#
#.# ####.# #..
#...@#.....
#..@r......
#..†g#.....
#....#.....
....... ....
........#....
#.........# ..#
#.........#
#.........#


You could see Jessica, a hobgoblin and a rat.

Vanquished Creatures
  A ball python (D:1)
  A frilled lizard (D:2)
2 creatures vanquished.

Notes
Turn   | Place    | Note
-------+----------+-------------------------------------------
     0 | D:1      | bmb222 the Demonspawn Gladiator began the quest for the
                  | Orb.
     0 | D:1      | Reached XP level 1. HP: 16/16 MP: 1/1
   104 | D:1      | You fall into a shaft and drop 1 floor!
   114 | D:2      | Noticed Jessica
   134 | D:2      | Slain by a hobgoblin

Illustrated notes

Levels and vault maps discovered:
D:1:      dpeg_arrival_windows_large_door, layout_loops_corners,
          minmay_pentomino_q4
D:2:      layout_basic, small_statue_intersection, minmay_misc_feat_plants,
          uniq_jessica

Action                     || total
---------------------------++-------
  Melee: Rapier            ||    21
         Punch             ||     1
 Armour: Leather armour    ||    11
  Dodge: Dodged            ||    23

Table legend: (Time is in decaauts)
 A = Elapsed time spent in this place.
 B = Non-inter-level travel time spent in this place.
 C = Inter-level travel time spent in this place.
 D = Time resting spent in this place.
 E = Time spent auto-exploring this place.
 F = Levels seen in this place.
 G = Mean time per level.
                   A        B        C        D        E       F      G
               +--------+--------+--------+--------+--------+-----+--------+
         Total |    135 |    135 |      0 |      0 |    103 |   2 |   67.5 |
       Dungeon |    135 |    135 |      0 |      0 |    103 |   2 |   67.5 |
               +--------+--------+--------+--------+--------+-----+--------+

Top non-repeatable levels by time:
     D:1: 104 daAuts
     D:2: 31 daAuts
